Map: [ESL] Oceanborn

Players

MaNa

  • Race: Protoss Protoss
  • Spawn Location: 11:00

goblin - Winner!

  • Race: Protoss Protoss
  • Spawn Location: 5:00

Event: ESL SC2 Masters 2024 Spring (Regional)

VOD

Have the link to the VOD?

Description

Time

  • Played on: April 10, 2024, 12:23 p.m.
  • Length: 12:12

All games in this series

Show
View Real Time Build Order
Export as new Build Order

MaNa Protoss 

Build Orders: Oracle Opening, Phoenix Opening, Blink Stalkers 

Get SALT Encoding   

  12  0:00  Probe  
  13  0:12  Probe  
  14  0:16  Pylon  
  14  0:24  Probe (Chrono Boost)  
  15  0:36  Probe (Chrono Boost)  
  15  0:37  Gateway  
  16  0:44  Probe (Chrono Boost)  
  16  0:46  Assimilator  
  17  0:50  Probe  
  18  1:03  Probe (Chrono Boost)  
  19  1:04  Assimilator  
  19  1:10  Gateway  
  20  1:12  Probe (Chrono Boost)  
  20  1:17  Probe (Chrono Boost)  
  20  1:24  Cybernetics Core  
  21  1:29  Probe  
  22  1:34  Pylon  
  22  1:41  Probe  
  23  1:53  Probe  
  24  2:01  Sentry  
  24  2:02  Warp Gate  
  27  2:22  Probe  
  27  2:25  Stargate  
  27  2:31  Phoenix  
  27  2:33  Pylon  
  27  2:34  Stalker  
  30  2:42  Nexus  
  29  2:45  Probe  
  29  2:50  Pylon  
  30  2:58  Probe  
  31  3:06  Oracle (Chrono Boost)  
  31  3:10  Probe  
  34  3:22  Twilight Council, Probe  
  35  3:34  Probe  
  36  3:43  Gateway  
  36  3:45  Shield Battery  
  36  3:46  Probe  
  37  3:52  Stalker  
  37  3:54  Probe  
  40  3:57  Blink (Chrono Boost)  
  40  3:58  Probe  
  41  4:06  Probe  
  42  4:10  Probe  
  43  4:18  Probe  
  43  4:22  Probe  
  45  4:29  Oracle  
  45  4:31  Probe  
  49  4:35  Probe  
  49  4:36  Assimilator  
  50  4:40  Gateway  
  50  4:43  Probe  
  50  4:44  Stalker  
  50  4:45  Pylon  
  53  4:47  Probe  
  54  5:00  Pylon  
  54  5:03  Stalker x2, Probe x2  
  60  5:20  Probe x2  
  62  5:27  Nexus  
  62  5:28  Stalker x3  
  62  5:32  Pylon  
  68  5:36  Probe x2  
  70  5:52  Stalker x4  
  78  5:57  Pylon, Shield Battery  
  78  6:06  Gateway  
  78  6:07  Gateway  
  78  6:15  Probe x2  
  69  6:26  Stalker x4  
  69  6:27  Probe  
  69  6:32  Shield Battery  
  78  6:35  Gateway  
  78  6:49  Stalker x3  
  78  6:50  Stalker  
  86  6:55  Probe x2  
  86  6:56  Probe  
  89  7:07  Stalker x2  
  93  7:13  Stalker x3  
  96  7:23  Oracle  
  95  7:50  Stalker x3  
  95  8:01  Zealot x3  
  95  8:02  Zealot  
  89  8:13  Oracle (Chrono Boost)  
  89  8:17  Forge  
  92  8:22  Probe x3  
  95  8:29  Zealot x3, Assimilator  
  101  8:36  Robotics Facility  
  101  8:41  Probe  
  101  8:47  Stalker x2  
  101  8:48  Probe  
  101  8:52  Photon Cannon  
  98  9:05  Photon Cannon  
  98  9:22  Pylon  
  97  9:26  Pylon  
  97  9:40  Pylon  
  97  9:41  Observer  
  97  9:50  Pylon  
  97  9:52  Pylon  
  81  10:00  Stalker x3  
  75  10:12  Stalker x2  
  76  10:15  Immortal (Chrono Boost), Probe x2  
  80  10:24  Stalker, Probe  
  80  10:26  Assimilator  
  80  10:27  Assimilator, Probe  
  84  10:29  Pylon  
  84  10:33  Assimilator  
  84  10:40  Probe x3  
  84  10:42  Observer  
  87  10:49  Pylon  
  87  10:51  Immortal (Chrono Boost)  
  87  10:52  Observer, Probe x2 (Chrono Boost)  
  87  10:53  Forge, Probe (Chrono Boost)  
  94  10:59  Stalker  
  94  11:01  Stalker x3  
  94  11:03  Probe x3 (Chrono Boost)  
  105  11:07  Observer, Probe x2 (Chrono Boost)  
  107  11:16  Sentry  
  109  11:19  Pylon  
  109  11:25  Immortal  
  109  11:41  Stalker x5  
  109  11:42  Stalker  
  109  11:46  Shield Battery  
  111  11:58  Stalker  
  96  12:06  Stalker x4  
Show
View Real Time Build Order
Export as new Build Order

goblin Protoss - Winner!

Build Orders: Phoenix Opening 

Get SALT Encoding   

  12  0:00  Probe  
  13  0:12  Probe  
  14  0:17  Pylon  
  14  0:24  Probe (Chrono Boost)  
  15  0:36  Probe (Chrono Boost), Gateway  
  16  0:44  Probe (Chrono Boost)  
  16  0:46  Assimilator  
  17  0:51  Probe  
  17  0:54  Assimilator  
  18  1:03  Probe (Chrono Boost)  
  19  1:08  Gateway  
  19  1:14  Probe (Chrono Boost)  
  20  1:18  Probe (Chrono Boost)  
  20  1:25  Cybernetics Core  
  21  1:29  Probe  
  22  1:35  Pylon  
  22  1:41  Probe  
  23  1:53  Probe  
  24  2:02  Sentry, Stalker  
  24  2:04  Warp Gate  
  24  2:08  Probe  
  29  2:13  Pylon  
  29  2:20  Probe  
  29  2:21  Pylon  
  30  2:31  Sentry  
  30  2:33  Phoenix  
  30  2:36  Probe  
  33  2:39  Sentry  
  35  2:48  Probe  
  36  2:54  Nexus  
  36  3:02  Pylon, Probe  
  37  3:08  Robotics Facility  
  37  3:14  Probe  
  38  3:26  Probe  
  39  3:33  Twilight Council  
  39  3:38  Probe (Chrono Boost)  
  40  3:43  Pylon  
  40  3:51  Probe (Chrono Boost)  
  40  3:52  Observer  
  40  3:53  Stalker x2  
  45  3:59  Probe (Chrono Boost)  
  47  4:03  Blink (Chrono Boost)  
  47  4:05  Probe  
  47  4:09  Probe  
  49  4:17  Probe  
  49  4:21  Probe  
  51  4:26  Warp Prism  
  54  4:31  Probe (Chrono Boost)  
  54  4:32  Assimilator x2  
  54  4:33  Probe (Chrono Boost)  
  55  4:42  Gateway  
  57  4:45  Probe (Chrono Boost)  
  57  4:46  Probe (Chrono Boost)  
  57  4:50  Gateway  
  57  4:51  Stalker, Probe  
  59  4:57  Probe  
  61  5:03  Immortal (Chrono Boost)  
  61  5:05  Probe  
  66  5:08  Pylon  
  66  5:17  Stalker x2  
  70  5:25  Probe x2  
  70  5:32  Pylon  
  70  5:37  Warp Prism (Chrono Boost), Dark Shrine  
  71  5:44  Stalker x2  
  71  5:49  Stalker  
  77  5:51  Stalker  
  77  5:57  Pylon  
  79  6:14  Stalker x3  
  81  6:23  Probe (Chrono Boost)  
  81  6:24  Probe (Chrono Boost)  
  81  6:25  Stalker  
  74  6:35  Probe (Chrono Boost)  
  74  6:36  Probe (Chrono Boost)  
  76  6:43  Probe (Chrono Boost)  
  76  6:45  Stalker x3, Probe (Chrono Boost)  
  83  6:49  Probe  
  83  6:52  Dark Templar  
  86  7:03  Nexus  
  86  7:08  Dark Templar  
  88  7:10  Dark Templar  
  88  7:12  Pylon, Probe x2  
  90  7:25  Zealot  
  90  7:29  Probe x2  
  91  7:37  Dark Templar  
  91  7:41  Probe x2  
  93  7:47  Pylon  
  93  7:48  Stalker x3  
  99  7:53  Probe x2  
  93  8:05  Probe  
  90  8:07  Immortal (Chrono Boost)  
  90  8:09  Probe  
  90  8:10  Gateway  
  90  8:12  Dark Templar  
  89  8:17  Probe  
  89  8:18  Dark Templar  
  92  8:21  Pylon, Probe x2  
  94  8:29  Probe  
  94  8:33  Probe x2  
  97  8:38  Immortal (Chrono Boost)  
  101  8:41  Probe  
  101  8:42  Assimilator  
  101  8:46  Dark Templar  
  101  8:47  Probe x2  
  106  8:52  Dark Templar  
  106  8:54  Probe  
  107  8:59  Probe  
  107  9:01  Probe  
  107  9:07  Immortal (Chrono Boost), Forge  
  111  9:15  Assimilator  
  109  9:18  Shield Battery  
  109  9:20  Shield Battery  
  109  9:21  Pylon  
  109  9:22  Dark Templar  
  111  9:24  Dark Templar  
  111  9:30  Protoss Ground Weapons Level 1 (Chrono Boost)  
  113  9:33  Stalker x3  
  119  9:43  Pylon  
  119  9:44  Nexus  
  114  9:55  Dark Templar  
  114  9:57  Dark Templar  
  114  9:58  Zealot x3  
  116  10:06  Probe x3  
  115  10:07  Observer (Chrono Boost)  
  115  10:08  Shield Battery  
  115  10:10  Shield Battery  
  115  10:11  Pylon  
  114  10:25  Warp Prism (Chrono Boost), Stalker x3  
  118  10:36  Sentry, Stalker  
  118  10:39  Gateway  
  122  10:43  Probe, Gateway  
  122  10:44  Probe x2  
  122  10:45  Gateway  
  122  10:49  Stalker  
  127  10:50  Observer (Chrono Boost)  
  127  10:56  Stalker  
  127  10:57  Stalker  
  132  11:00  Probe (Chrono Boost)  
  132  11:02  Probe (Chrono Boost)  
  132  11:03  Sentry x2, Probe x2 (Chrono Boost)  
  140  11:07  Observer (Chrono Boost)  
  140  11:08  Pylon  
  143  11:12  Probe (Chrono Boost)  
  143  11:13  Probe x2 (Chrono Boost)  
  143  11:14  Probe (Chrono Boost)  
  145  11:19  Probe  
  145  11:23  Pylon  
  145  11:24  Stalker x2  
  150  11:26  Stalker  
  148  11:40  Stalker x4  
  148  11:45  Stalker  
  158  11:47  Pylon  
  158  11:48  Stalker x2  
  138  12:04  Stalker x5  
Tags
 
Add a new tag
Caveats
  • Supply blocks, unpowered buildings, or Contaminate may cause inaccurate times.
  • Supply counts are checked every 10 seconds.